TOP OF THE 1ST |
Penn State Nittany Lions batting - Pitching for Providence Friars : RHP John Walker
|
Pitching: RHP John Walker
|
|
Batting: LHB Gary Lynn
|
0-0: Ball 1-0: Ball 2-0: Fly out, F8 (Flyball, 8RM)
|
Batting: RHB Jeremiah Ward
|
0-0: Ball 1-0: SINGLE (Line Drive, 6M)
|
Batting: SHB Tony Yan
|
0-0: Called Strike 0-1: Called Strike 0-2: Ball 1-2: Foul Ball, location: 2F 1-2: SINGLE (Line Drive, 8LS) Jeremiah Ward to second
|
Batting: RHB Jim Anderson
|
0-0: Called Strike Jeremiah Ward steals 3rd base Tony Yan to second 0-1: Ground out 5-3 (Groundball, 56) Jeremiah Ward scores
|
Batting: SHB Sean Moody
|
0-0: Called Strike 0-1: Fly out, F7 (Popup, 6D)
|
Top of the 1st over - 1 run(s), 2 hit(s), 0 error(s), 1 left on base; Penn State 1 - Providence 0 |
BOTTOM OF THE 1ST |
Providence Friars batting - Pitching for Penn State Nittany Lions : LHP Josh Hammond
|
Pitching: LHP Josh Hammond
|
|
Batting: RHB Kyle Baylor
|
0-0: Ball 1-0: Ball 2-0: Ball 3-0: Base on Balls
|
Batting: RHB Eugene Ackerman
|
0-0: Called Strike 0-1: Ball 1-1: Foul Ball, location: 2F 1-2: Ball 2-2: Ball 3-2: Foul Ball, location: 2F 3-2: Base on Balls Kyle Baylor to second
|
Batting: RHB Jorge Carrillo
|
0-0: Ball 1-0: Ball 2-0: SINGLE (Line Drive, 89M) Kyle Baylor to third Eugene Ackerman to second Runner from 3rd tries for Home, SAFE, no throw or cutoff
|
Batting: RHB Larry Davis
|
0-0: Called Strike 0-1: Ball 1-1: Ball 2-1: Swinging Strike 2-2: Strikes out swinging
|
Batting: SHB Joey Boyd
|
0-0: Ball 1-0: Called Strike 1-1: Called Strike 1-2: Ball 2-2: Ball 3-2: Base on Balls Eugene Ackerman to third Jorge Carrillo to second
|
Batting: RHB Tommy Allen
|
0-0: Ball 1-0: Ball 2-0: Fly out, F9 (Flyball, 9LS)
|
Batting: RHB Mike Cleveland
|
0-0: Ball 1-0: SINGLE (Groundball, 3D) Eugene Ackerman scores Jorge Carrillo to third Joey Boyd to second Runner from 3rd tries for Home, SAFE, no throw or cutoff
|
Batting: LHB Jorge Hernández
|
0-0: Ground out 4-3 (Groundball, 4)
|
Bottom of the 1st over - 3 run(s), 2 hit(s), 0 error(s), 2 left on base; Penn State 1 - Providence 3 |
TOP OF THE 2ND |
Penn State Nittany Lions batting - Pitching for Providence Friars : RHP John Walker
|
Batting: RHB Roderick Silva
|
0-0: Called Strike 0-1: Ball 1-1: Swinging Strike 1-2: Strikes out swinging
|
Batting: RHB Kip Murphy
|
0-0: Foul Ball, location: 2F 0-1: Ball 1-1: Fly out, F7 (Flyball, 7M)
|
Batting: LHB Ángel Santos
|
0-0: Ball 1-0: Ground out 3-1 (Groundball, 34S)
|
Top of the 2nd over - 0 run(s), 0 hit(s), 0 error(s), 0 left on base; Penn State 1 - Providence 3 |
BOTTOM OF THE 2ND |
Providence Friars batting - Pitching for Penn State Nittany Lions : LHP Josh Hammond
|
Batting: LHB Arnold Stewart
|
0-0: Ball 1-0: Foul Ball, location: 2F 1-1: Bunted foul 1-2: Fly out, F3 (Popup, 34)
|
Batting: RHB Kyle Baylor
|
0-0: Swinging Strike 0-1: Swinging Strike 0-2: Ball 1-2: Fly out, F9 (Flyball, 89M)
|
Batting: RHB Eugene Ackerman
|
0-0: Ball 1-0: Called Strike 1-1: Ball 2-1: Called Strike 2-2: Strikes out swinging
|
Bottom of the 2nd over - 0 run(s), 0 hit(s), 0 error(s), 0 left on base; Penn State 1 - Providence 3 |
TOP OF THE 3RD |
Penn State Nittany Lions batting - Pitching for Providence Friars : RHP John Walker
|
Batting: LHB James Macías
|
0-0: Ball 1-0: Called Strike 1-1: Foul Ball, location: 2F 1-2: Ground out 3-1 (Groundball, 34)
|
Batting: LHB Gary Lynn
|
0-0: Ball 1-0: Ball 2-0: Ball 3-0: Swinging Strike 3-1: Foul Ball, location: 2F 3-2: Strikes out swinging
|
Batting: RHB Jeremiah Ward
|
0-0: Ball 1-0: Ball 2-0: SINGLE (Line Drive, 6M)
|
Batting: SHB Tony Yan
|
0-0: Ball Jeremiah Ward steals 2nd base 1-0: Ball 2-0: Foul Ball, location: 2F 2-1: Fly out, F8 (Flyball, 8LM)
|
Top of the 3rd over - 0 run(s), 1 hit(s), 0 error(s), 1 left on base; Penn State 1 - Providence 3 |
BOTTOM OF THE 3RD |
Providence Friars batting - Pitching for Penn State Nittany Lions : LHP Josh Hammond
|
Batting: RHB Jorge Carrillo
|
0-0: Called Strike 0-1: Ball 1-1: Ball 2-1: Ball 3-1: Foul Ball, location: 2F 3-2: Foul Ball, location: 2F 3-2: Foul Ball, location: 2F 3-2: Foul Ball, location: 2F 3-2: Ground out 6-3 (Groundball, 6)
|
Batting: RHB Larry Davis
|
0-0: Ball 1-0: Ball 2-0: Foul Ball, location: 2F 2-1: Foul Ball, location: 2F 2-2: Ball 3-2: Foul Ball, location: 2F 3-2: Ground out 4-3 (Groundball, 4)
|
Batting: SHB Joey Boyd
|
0-0: Fly out, F3 (Popup, 3SF)
|
Bottom of the 3rd over - 0 run(s), 0 hit(s), 0 error(s), 0 left on base; Penn State 1 - Providence 3 |
TOP OF THE 4TH |
Penn State Nittany Lions batting - Pitching for Providence Friars : RHP John Walker
|
Batting: RHB Jim Anderson
|
0-0: Ground out 4-3 (Groundball, 4)
|
Batting: SHB Sean Moody
|
0-0: Called Strike 0-1: Ball 1-1: Ball 2-1: Ball 3-1: Base on Balls
|
Batting: RHB Roderick Silva
|
0-0: Called Strike 0-1: Ball 1-1: Swinging Strike 1-2: Ball 2-2: Strikes out swinging
|
Batting: RHB Kip Murphy
|
0-0: Called Strike 0-1: Ball 1-1: Foul Ball, location: 2F 1-2: Strikes out swinging
|
Top of the 4th over - 0 run(s), 0 hit(s), 0 error(s), 1 left on base; Penn State 1 - Providence 3 |
BOTTOM OF THE 4TH |
Providence Friars batting - Pitching for Penn State Nittany Lions : LHP Josh Hammond
|
Batting: RHB Tommy Allen
|
0-0: Called Strike 0-1: Called Strike 0-2: Strikes out swinging
|
Batting: RHB Mike Cleveland
|
0-0: Called Strike 0-1: Called Strike 0-2: Fly out, F3 (Popup, 3F)
|
Batting: LHB Jorge Hernández
|
0-0: Fly out, F7 (Flyball, 78M)
|
Bottom of the 4th over - 0 run(s), 0 hit(s), 0 error(s), 0 left on base; Penn State 1 - Providence 3 |
TOP OF THE 5TH |
Penn State Nittany Lions batting - Pitching for Providence Friars : RHP John Walker
|
Batting: LHB Ángel Santos
|
0-0: Ball 1-0: Ball 2-0: Bunt missed! 2-1: SINGLE (Popup, 4M)
|
Batting: LHB James Macías
|
0-0: Called Strike 0-1: Fielders Choice at 2nd, 1-6 (Groundball, 13S)
|
Batting: LHB Gary Lynn
|
0-0: Ball 1-0: Foul Ball, location: 2F 1-1: Ball 2-1: Fielders Choice at 2nd, 3-6 (Groundball, 3)
|
Batting: RHB Jeremiah Ward
|
0-0: Foul Ball, location: 2F 0-1: Ball 1-1: 2-RUN HOME RUN (Flyball, 7LD), Distance : 316 ft
|
Batting: SHB Tony Yan
|
0-0: Ball 1-0: Foul Ball, location: 2F 1-1: Reached on error, E3 (Groundball, 3)
|
Batting: RHB Jim Anderson
|
0-0: Ball 1-0: Called Strike 1-1: Ball 2-1: SINGLE (Line Drive, 8LS) Tony Yan to second Runner from 2nd tries for 3rd, SAFE, no throw or cutoff
|
Batting: SHB Sean Moody
|
0-0: Called Strike 0-1: Called Strike 0-2: Strikes out swinging
|
Top of the 5th over - 2 run(s), 3 hit(s), 1 error(s), 2 left on base; Penn State 3 - Providence 3 |
BOTTOM OF THE 5TH |
Providence Friars batting - Pitching for Penn State Nittany Lions : LHP Josh Hammond
|
Batting: LHB Arnold Stewart
|
0-0: Called Strike 0-1: Foul Ball, location: 2F 0-2: Ball 1-2: Foul Ball, location: 2F 1-2: Foul Ball, location: 2F 1-2: Fly out, F9 (Flyball, 8RM)
|
Batting: RHB Kyle Baylor
|
0-0: Ball 1-0: Ball 2-0: Ball 3-0: Base on Balls
|
Batting: RHB Eugene Ackerman
|
0-0: Called Strike 0-1: Ball 1-1: Ball 2-1: Swinging Strike 2-2: Foul Ball, location: 2F 2-2: Strikes out swinging
|
Pitching: RHP Hugh Hale
|
|
Batting: RHB Jorge Carrillo
|
0-0: Ball 1-0: Fielders Choice at 2nd, U4 (Groundball, 4M)
|
Bottom of the 5th over - 0 run(s), 0 hit(s), 0 error(s), 1 left on base; Penn State 3 - Providence 3 |
TOP OF THE 6TH |
Penn State Nittany Lions batting - Pitching for Providence Friars : RHP John Walker
|
Batting: RHB Roderick Silva
|
0-0: Swinging Strike 0-1: Foul Ball, location: 2F 0-2: Ball 1-2: Strikes out swinging
|
Pitching: RHP Steve Patterson
|
|
Batting: RHB Kip Murphy
|
0-0: Ball 1-0: Ball 2-0: Ball 3-0: Base on Balls
|
Batting: LHB Ángel Santos
|
0-0: Fielders Choice at 2nd, 6-4 (Groundball, 56)
|
Batting: LHB James Macías
|
0-0: Ball 1-0: Foul Ball, location: 2F 1-1: Called Strike 1-2: Ground out 3-1 (Groundball, 34)
|
Top of the 6th over - 0 run(s), 0 hit(s), 0 error(s), 1 left on base; Penn State 3 - Providence 3 |
BOTTOM OF THE 6TH |
Providence Friars batting - Pitching for Penn State Nittany Lions : RHP Hugh Hale
|
Batting: RHB Larry Davis
|
0-0: Ball 1-0: Called Strike 1-1: Ball 2-1: Foul Ball, location: 2F 2-2: SINGLE (Groundball, 56)
|
Batting: SHB Joey Boyd
|
0-0: Called Strike 0-1: Ball 1-1: Ball 2-1: Ball 3-1: Fly out, F6 (Popup, 6D)
|
Batting: RHB Tommy Allen
|
0-0: Called Strike 0-1: Ball 1-1: Called Strike 1-2: Foul Ball, location: 2F 1-2: Foul Ball, location: 2F 1-2: Strikes out swinging
|
Batting: RHB Mike Cleveland
|
0-0: Ball Larry Davis is caught stealing 2nd base
|
Bottom of the 6th over - 0 run(s), 1 hit(s), 0 error(s), 0 left on base; Penn State 3 - Providence 3 |
TOP OF THE 7TH |
Penn State Nittany Lions batting - Pitching for Providence Friars : RHP Steve Patterson
|
Batting: LHB Gary Lynn
|
0-0: Ball 1-0: Foul Ball, location: 2F 1-1: Ball 2-1: Swinging Strike 2-2: Strikes out looking
|
Batting: RHB Jeremiah Ward
|
0-0: Ball 1-0: SOLO HOME RUN (Flyball, 7LD), Distance : 343 ft
|
Batting: SHB Tony Yan
|
0-0: Ball 1-0: Foul Ball, location: 2F 1-1: Ball 2-1: Ground out 4-3 (Groundball, 4)
|
Batting: RHB Jim Anderson
|
0-0: Called Strike 0-1: Swinging Strike 0-2: Ball 1-2: Ball 2-2: Ball 3-2: Fly out, F9 (Line Drive, 9M)
|
Top of the 7th over - 1 run(s), 1 hit(s), 0 error(s), 0 left on base; Penn State 4 - Providence 3 |
BOTTOM OF THE 7TH |
Providence Friars batting - Pitching for Penn State Nittany Lions : RHP Hugh Hale
|
Batting: RHB Mike Cleveland
|
0-0: Swinging Strike 0-1: Ball 1-1: Called Strike 1-2: Foul Ball, location: 2F 1-2: Foul Ball, location: 2F 1-2: Ball 2-2: Foul Ball, location: 2F 2-2: Strikes out looking
|
Batting: LHB Jorge Hernández
|
0-0: Ball 1-0: Fly out, F4 (Line Drive, 4)
|
Pitching: RHP Tim Maddox
|
|
Batting: LHB Arnold Stewart
|
0-0: Called Strike 0-1: Fly out, F9 (Line Drive, 89S)
|
Bottom of the 7th over - 0 run(s), 0 hit(s), 0 error(s), 0 left on base; Penn State 4 - Providence 3 |
TOP OF THE 8TH |
Penn State Nittany Lions batting - Pitching for Providence Friars : RHP Steve Patterson
|
Batting: SHB Sean Moody
|
0-0: Called Strike 0-1: Foul Ball, location: 2F 0-2: Ball 1-2: Foul Ball, location: 2F 1-2: Foul Ball, location: 2F 1-2: Ball 2-2: Fly out, F8 (Flyball, 8LM)
|
Pitching: RHP Adam Reed
|
|
Batting: RHB Roderick Silva
|
0-0: Ball 1-0: Called Strike 1-1: Ground out 6-3 (Groundball, 6)
|
Batting: RHB Kip Murphy
|
0-0: Called Strike 0-1: Ball 1-1: Ground out 5-3 (Groundball, 5L)
|
Top of the 8th over - 0 run(s), 0 hit(s), 0 error(s), 0 left on base; Penn State 4 - Providence 3 |
BOTTOM OF THE 8TH |
Providence Friars batting - Pitching for Penn State Nittany Lions : RHP Tim Maddox
|
Pitching: RHP Tom Henry
|
|
Batting: RHB Kyle Baylor
|
0-0: Ball 1-0: Called Strike 1-1: Called Strike 1-2: Ball 2-2: Strikes out looking
|
Batting: RHB Eugene Ackerman
|
0-0: Called Strike 0-1: Ball 1-1: SINGLE (Line Drive, 9S)
|
Pinch Hitting: RHB Rodrigo Carballeira
|
0-0: Foul Ball, location: 2F 0-1: Ball 1-1: Foul Ball, location: 2F 1-2: Ball 2-2: Strikes out swinging
|
Pinch Hitting: LHB Zach Baxter
|
0-0: Called Strike 0-1: Ball 1-1: Called Strike 1-2: Strikes out looking
|
Bottom of the 8th over - 0 run(s), 1 hit(s), 0 error(s), 1 left on base; Penn State 4 - Providence 3 |
TOP OF THE 9TH |
Penn State Nittany Lions batting - Pitching for Providence Friars : RHP Adam Reed
|
Now at SS: Will Stafford
|
|
Now in RF: Zach Baxter
|
|
Batting: LHB Ángel Santos
|
0-0: Fly out, F7 (Flyball, 7S)
|
Batting: LHB James Macías
|
0-0: Ball 1-0: Called Strike 1-1: Swinging Strike 1-2: Foul Ball, location: 2F 1-2: Fly out, F4 (Popup, 4MD)
|
Batting: LHB Gary Lynn
|
0-0: Ball 1-0: Ball 2-0: Called Strike 2-1: Foul Ball, location: 2F 2-2: Ball 3-2: Base on Balls
|
Batting: RHB Jeremiah Ward
|
0-0: Ball 1-0: Ball 2-0: Ball Gary Lynn steals 2nd base 3-0: Base on Balls
|
Batting: SHB Tony Yan
|
0-0: Ball 1-0: Fielders Choice at 2nd, U4 (Groundball, 4M)
|
Top of the 9th over - 0 run(s), 0 hit(s), 0 error(s), 2 left on base; Penn State 4 - Providence 3 |
TOP OF THE 10TH |
Penn State Nittany Lions batting - Pitching for Providence Friars : RHP Adam Reed
|
Pitching: LHP Rodrigo Montés
|
|
Now at 1B: Dave Joyner
|
|
Now at 3B: Francisco Solgato
|
|
Now in LF: Chris Schultz
|
|
Now in CF: Chris Reid
|
|
Batting: RHB Jim Anderson
|
0-0: Ball 1-0: Foul Ball, location: 2F 1-1: SINGLE (Line Drive, 7S)
|
Batting: SHB Sean Moody
|
0-0: Ball 1-0: Ball 2-0: Swinging Strike 2-1: Called Strike 2-2: Foul Ball, location: 2F 2-2: Ball 3-2: Base on Balls Jim Anderson to second
|
Batting: RHB Roderick Silva
|
0-0: Ball 1-0: Called Strike 1-1: Ball 2-1: Ball 3-1: Foul Ball, location: 2F 3-2: Foul Ball, location: 2F 3-2: Strikes out looking
|
Batting: RHB Kip Murphy
|
0-0: Ball 1-0: Fly out, F8 (Line Drive, 8LS)
|
Batting: LHB Ángel Santos
|
0-0: Foul Ball, location: 2F 0-1: Called Strike 0-2: Ball 1-2: Strikes out swinging
|
Top of the 10th over - 0 run(s), 1 hit(s), 0 error(s), 2 left on base; Penn State 4 - Providence 4 |
BOTTOM OF THE 10TH |
Providence Friars batting - Pitching for Penn State Nittany Lions : RHP Barry Powell
|
Pinch Hitting: RHB Ralph Wells
|
0-0: Fly out, F3 (Line Drive, 34)
|
Batting: LHB Zach Baxter
|
0-0: Ball 1-0: Swinging Strike 1-1: Fly out, F7 (Flyball, 7M)
|
Batting: LHB Chris Reid
|
0-0: Ball 1-0: Ball Reached via error on a dropped throw, E1
|
Batting: RHB Tommy Allen
|
0-0: Ball 1-0: Ball 2-0: 2-RUN HOME RUN (Line Drive, 78XD), Distance : 374 ft
|
Monday, December 5th, 2016 - OOTP Baseball 17.12 Build 75
|
|